| TOP OF THE 1ST |
|
Portland Angels batting - Pitching for Palm Beach Nationals : RHP Steve Schneider
|
|
Pitching: RHP Steve Schneider
|
|
|
Batting: RHB Trevor Kingston
|
0-0: Called Strike 0-1: Called Strike 0-2: Ball 1-2: Ball 2-2: Ball 3-2: SINGLE (Line Drive, 4, EV 99.4 MPH)
|
|
Batting: RHB Rory Cobb
|
0-0: SINGLE (Groundball, 34D, EV 104.4 MPH) Trevor Kingston to second Runner from 2nd tries for 3rd, SAFE, throw by RF made to third
|
|
Batting: LHB Ramon Garduno
|
0-0: Foul Ball, location: 2F 0-1: 3-RUN HOME RUN (Flyball, 7D, EV 101.9 MPH), Distance : 395 ft
|
|
Batting: RHB Dan Thomey
|
0-0: Called Strike 0-1: Called Strike 0-2: Strikes out looking
|
|
Batting: RHB Aaron Bryant
|
0-0: Ball 1-0: Ball 2-0: Called Strike 2-1: Ground out U3 (Groundball, 3, EV 100.0 MPH)
|
|
Batting: LHB Bill Girton
|
0-0: Ball 1-0: Foul Ball, location: 2F 1-1: Foul Ball, location: 2F 1-2: Ball 2-2: Ball 3-2: Foul Ball, location: 2F 3-2: Base on Balls
|
|
Batting: RHB Brendan Garoutte
|
0-0: Called Strike Bill Girton steals 2nd base 0-1: Fly out, F2 (Popup, 25F, EV 80.6 MPH)
|
| Top of the 1st over - 3 runs, 3 hits, 0 errors, 1 left on base; Portland 3 - Palm Beach 0 |
| BOTTOM OF THE 1ST |
|
Palm Beach Nationals batting - Pitching for Portland Angels : RHP Dean Aspden
|
|
Pitching: RHP Dean Aspden
|
|
|
Batting: LHB Chris Williams
|
0-0: Ball 1-0: Ball 2-0: Ball 3-0: Base on Balls
|
|
Batting: RHB Steve Kunselman
|
0-0: Ball Chris Williams is caught stealing 2nd base 2-4 1-0: SOLO HOME RUN (Flyball, 7D, EV 101.9 MPH), Distance : 403 ft
|
|
Batting: RHB Er Le
|
0-0: Ball 1-0: Swinging Strike 1-1: Ball 2-1: Ball 3-1: Base on Balls
|
|
Batting: RHB Chad Madsen
|
0-0: Called Strike 0-1: SINGLE (Groundball, 6, EV 96.9 MPH) Er Le to second
|
|
Batting: RHB Aaron Bateman
|
0-0: Called Strike 0-1: Ball 1-1: Called Strike 1-2: Foul Ball, location: 2F 1-2: Fielders Choice at 2nd, 4-6 (Groundball, 4, EV 83.1 MPH) Er Le to third
|
|
Batting: SHB John Husson
|
0-0: Called Strike 0-1: Ball 1-1: Fielders Choice at 2nd, 6-4 (Groundball, 6, EV 103.1 MPH)
|
| Bottom of the 1st over - 1 run, 2 hits, 0 errors, 2 left on base; Portland 3 - Palm Beach 1 |
| TOP OF THE 2ND |
|
Portland Angels batting - Pitching for Palm Beach Nationals : RHP Steve Schneider
|
|
Batting: RHB Carlos Gonzales
|
0-0: Swinging Strike 0-1: Ball 1-1: Foul Ball, location: 2F 1-2: Strikes out swinging
|
|
Batting: RHB Mario Martinez
|
0-0: Called Strike 0-1: Ball 1-1: Called Strike 1-2: Ball 2-2: Ball 3-2: Foul Ball, location: 2F 3-2: Base on Balls
|
|
Batting: RHB Trevor Kingston
|
0-0: Ball Mario Martinez is caught stealing 2nd base 2-4 1-0: SINGLE (Groundball, 56D, EV 106.9 MPH)
|
|
Batting: RHB Rory Cobb
|
0-0: Ball 1-0: Swinging Strike 1-1: Ball 2-1: Swinging Strike 2-2: Strikes out swinging
|
| Top of the 2nd over - 0 runs, 1 hit, 0 errors, 1 left on base; Portland 3 - Palm Beach 1 |
| BOTTOM OF THE 2ND |
|
Palm Beach Nationals batting - Pitching for Portland Angels : RHP Dean Aspden
|
|
Batting: RHB Kenny Ball
|
0-0: Ball 1-0: Ball 2-0: Called Strike 2-1: Ball 3-1: Ground out 4-3 (Groundball, 4M, EV 86.9 MPH)
|
|
Batting: RHB Joe Simmelink
|
0-0: Called Strike 0-1: Swinging Strike 0-2: Ball 1-2: Fly out, F9 (Flyball, 89D, EV 104.4 MPH)
|
|
Batting: RHB Akira Ishihara
|
0-0: Ball 1-0: Called Strike 1-1: Foul Ball, location: 2F 1-2: Ball 2-2: Ball 3-2: Foul Ball, location: 2F 3-2: Foul Ball, location: 2F 3-2: Base on Balls
|
|
Batting: LHB Chris Williams
|
0-0: Ball 1-0: Swinging Strike 1-1: Ball Passed Ball! Akira Ishihara to second 2-1: Foul Ball, location: 2F 2-2: Ground out 3-1 (Groundball, 34S, EV 81.9 MPH)
|
| Bottom of the 2nd over - 0 runs, 0 hits, 0 errors, 1 left on base; Portland 3 - Palm Beach 1 |
| TOP OF THE 3RD |
|
Portland Angels batting - Pitching for Palm Beach Nationals : RHP Steve Schneider
|
|
Batting: LHB Ramon Garduno
|
0-0: Called Strike 0-1: Foul Ball, location: 2F 0-2: Strikes out looking
|
|
Batting: RHB Dan Thomey
|
0-0: Called Strike 0-1: Ball 1-1: Foul Ball, location: 2F 1-2: Ball 2-2: Ball 3-2: Strikes out looking
|
|
Batting: RHB Aaron Bryant
|
0-0: Ball 1-0: Ball 2-0: Called Strike 2-1: Ball 3-1: Called Strike 3-2: Ground out 5-3 (Groundball, 5S, EV 85.0 MPH)
|
| Top of the 3rd over - 0 runs, 0 hits, 0 errors, 0 left on base; Portland 3 - Palm Beach 1 |
| BOTTOM OF THE 3RD |
|
Palm Beach Nationals batting - Pitching for Portland Angels : RHP Dean Aspden
|
|
Batting: RHB Steve Kunselman
|
0-0: Fly out, F7 (Flyball, 7D, EV 110.6 MPH)
|
|
Batting: RHB Er Le
|
0-0: Ball 1-0: Called Strike 1-1: Ball 2-1: Ball 3-1: Base on Balls
|
|
Batting: RHB Chad Madsen
|
0-0: Called Strike 0-1: Foul Ball, location: 2F 0-2: Foul Ball, location: 2F 0-2: Ball Wild Pitch! Er Le to second 1-2: Ball 2-2: Foul Ball, location: 2F 2-2: Fly out, F8 (Line Drive, 8LD, EV 90.6 MPH)
|
|
Batting: RHB Aaron Bateman
|
0-0: Called Strike 0-1: Swinging Strike 0-2: Ball 1-2: Ball 2-2: Ball 3-2: Strikes out looking
|
| Bottom of the 3rd over - 0 runs, 0 hits, 0 errors, 1 left on base; Portland 3 - Palm Beach 1 |
| TOP OF THE 4TH |
|
Portland Angels batting - Pitching for Palm Beach Nationals : RHP Steve Schneider
|
|
Batting: LHB Bill Girton
|
0-0: Called Strike 0-1: Ball 1-1: Ball 2-1: Ball 3-1: Base on Balls
|
|
Batting: RHB Brendan Garoutte
|
0-0: Ball 1-0: Ball 2-0: Called Strike 2-1: Called Strike 2-2: Ball 3-2: Strikes out swinging
|
|
Batting: RHB Carlos Gonzales
|
0-0: Called Strike 0-1: Swinging Strike 0-2: Strikes out looking
|
|
Batting: RHB Mario Martinez
|
0-0: Fielders Choice at 2nd, U4 (Groundball, 4M, EV 83.1 MPH)
|
| Top of the 4th over - 0 runs, 0 hits, 0 errors, 1 left on base; Portland 3 - Palm Beach 1 |
| BOTTOM OF THE 4TH |
|
Palm Beach Nationals batting - Pitching for Portland Angels : RHP Dean Aspden
|
|
Batting: SHB John Husson
|
0-0: Ball 1-0: Ball 2-0: Ball 3-0: Base on Balls
|
|
Batting: RHB Kenny Ball
|
0-0: Foul Ball, location: 2F 0-1: Ball 1-1: Swinging Strike 1-2: Ball 2-2: Strikes out looking
|
|
Batting: RHB Joe Simmelink
|
0-0: Swinging Strike 0-1: Ball 1-1: Foul Ball, location: 2F 1-2: Foul Ball, location: 2F 1-2: Ball Wild Pitch! John Husson to second 2-2: Ball 3-2: Fly out, F7 (Flyball, 78D, EV 100.0 MPH)
|
|
Batting: RHB Akira Ishihara
|
0-0: Foul Ball, location: 2F 0-1: Foul Ball, location: 2F 0-2: Ball 1-2: Foul Ball, location: 2F 1-2: DOUBLE (Flyball, 8LD, EV 90.0 MPH) John Husson scores
|
|
Batting: LHB Chris Williams
|
0-0: Ball 1-0: Swinging Strike 1-1: Ball 2-1: SINGLE (Groundball, 4M, EV 103.1 MPH) (infield hit) Akira Ishihara to third
|
|
Batting: RHB Steve Kunselman
|
0-0: Called Strike 0-1: Ball 1-1: Called Strike 1-2: Ball Wild Pitch! Akira Ishihara scores Chris Williams to second 2-2: Ball 3-2: Ground out 6-3 (Groundball, 6, EV 100.0 MPH)
|
| Bottom of the 4th over - 2 runs, 2 hits, 0 errors, 1 left on base; Portland 3 - Palm Beach 3 |
| TOP OF THE 5TH |
|
Portland Angels batting - Pitching for Palm Beach Nationals : RHP Steve Schneider
|
|
Batting: RHB Trevor Kingston
|
0-0: Ball 1-0: Hit by Pitch
|
|
Batting: RHB Rory Cobb
|
0-0: Ball 1-0: Ground out 5-3 (Groundball, 56, EV 86.9 MPH) Trevor Kingston to second
|
|
Batting: LHB Ramon Garduno
|
0-0: Ground out 4-3 (Groundball, 4, EV 89.4 MPH) Trevor Kingston to third
|
|
Batting: RHB Dan Thomey
|
0-0: Called Strike 0-1: Swinging Strike 0-2: Ball 1-2: Strikes out swinging
|
| Top of the 5th over - 0 runs, 0 hits, 0 errors, 1 left on base; Portland 3 - Palm Beach 3 |
| BOTTOM OF THE 5TH |
|
Palm Beach Nationals batting - Pitching for Portland Angels : RHP Dean Aspden
|
|
Batting: RHB Er Le
|
0-0: Fly out, F5 (Line Drive, 5, EV 63.8 MPH)
|
|
Batting: RHB Chad Madsen
|
0-0: Swinging Strike 0-1: Swinging Strike 0-2: Ground out 4-3 (Groundball, 4, EV 88.8 MPH)
|
|
Batting: RHB Aaron Bateman
|
0-0: Ball 1-0: Fly out, F9 (Line Drive, 9LM, EV 108.8 MPH)
|
| Bottom of the 5th over - 0 runs, 0 hits, 0 errors, 0 left on base; Portland 3 - Palm Beach 3 |
| TOP OF THE 6TH |
|
Portland Angels batting - Pitching for Palm Beach Nationals : RHP Steve Schneider
|
|
Batting: RHB Aaron Bryant
|
0-0: Ball 1-0: Ball 2-0: Called Strike 2-1: Foul Ball, location: 2F 2-2: SINGLE (Groundball, 56S, EV 98.1 MPH)
|
|
Batting: LHB Bill Girton
|
0-0: Ball 1-0: Called Strike 1-1: Ball Pickoff Throw to First - Out! 1-3 2-1: Ball 3-1: Foul Ball, location: 2F 3-2: Base on Balls
|
|
Batting: RHB Brendan Garoutte
|
0-0: Ball Bill Girton steals 2nd, throwing error, E2 Bill Girton to third 1-0: Ball 2-0: Called Strike 2-1: Foul Ball, location: 2F 2-2: Strikes out swinging
|
|
Batting: RHB Carlos Gonzales
|
0-0: Ball 1-0: Foul Ball, location: 2F 1-1: Called Strike 1-2: Strikes out looking
|
| Top of the 6th over - 0 runs, 1 hit, 1 error, 1 left on base; Portland 3 - Palm Beach 3 |
| BOTTOM OF THE 6TH |
|
Palm Beach Nationals batting - Pitching for Portland Angels : RHP Dean Aspden
|
|
Batting: SHB John Husson
|
0-0: Foul Ball, location: 2F 0-1: Foul Ball, location: 2F 0-2: Ground out 6-3 (Groundball, 6, EV 82.5 MPH)
|
|
Pitching: RHP Javier Carrasco
|
|
|
Batting: RHB Kenny Ball
|
0-0: Called Strike 0-1: Foul Ball, location: 2F 0-2: Ball 1-2: Strikes out swinging
|
|
Batting: RHB Joe Simmelink
|
0-0: Called Strike 0-1: Foul Ball, location: 2F 0-2: Foul Ball, location: 2F 0-2: Reached on error, E6 (Groundball, 6, EV 98.8 MPH)
|
|
Batting: RHB Akira Ishihara
|
0-0: Ball 1-0: Called Strike Joe Simmelink steals 2nd base 1-1: Foul Ball, location: 2F 1-2: Strikes out swinging
|
| Bottom of the 6th over - 0 runs, 0 hits, 1 error, 1 left on base; Portland 3 - Palm Beach 3 |
| TOP OF THE 7TH |
|
Portland Angels batting - Pitching for Palm Beach Nationals : RHP Steve Schneider
|
|
Batting: RHB Mario Martinez
|
0-0: Called Strike 0-1: Swinging Strike 0-2: Ball 1-2: Foul Ball, location: 2F 1-2: Ball 2-2: Strikes out swinging
|
|
Batting: RHB Trevor Kingston
|
0-0: Ball 1-0: Ball 2-0: Called Strike 2-1: Foul Ball, location: 2F 2-2: SINGLE (Groundball, 34S, EV 72.5 MPH) (infield hit)
|
|
Batting: RHB Rory Cobb
|
0-0: Swinging Strike 0-1: Foul Ball, location: 2F 0-2: Ball 1-2: Ball 2-2: Ball 3-2: Strikes out swinging
|
|
Batting: LHB Ramon Garduno
|
0-0: Ball 1-0: Ball 2-0: Foul Ball, location: 2F 2-1: Ball 3-1: Base on Balls Trevor Kingston to second
|
|
Batting: RHB Dan Thomey
|
0-0: Ball 1-0: Called Strike 1-1: Swinging Strike 1-2: Ball 2-2: Ball 3-2: Base on Balls Trevor Kingston to third Ramon Garduno to second
|
|
Batting: RHB Aaron Bryant
|
0-0: Ball 1-0: Ball 2-0: Swinging Strike 2-1: Foul Ball, location: 2F 2-2: Fielders Choice at 2nd, 4-6 (Groundball, 4MD, EV 88.1 MPH)
|
| Top of the 7th over - 0 runs, 1 hit, 0 errors, 3 left on base; Portland 3 - Palm Beach 3 |
| BOTTOM OF THE 7TH |
|
Palm Beach Nationals batting - Pitching for Portland Angels : RHP Javier Carrasco
|
|
Batting: LHB Chris Williams
|
0-0: Foul Ball, location: 2F 0-1: SINGLE (Groundball, 4MD, EV 99.4 MPH)
|
|
Batting: RHB Steve Kunselman
|
0-0: Sac Bunt to 13 - play at first, batter OUT! 1-3 Chris Williams to second
|
|
Batting: RHB Er Le
|
0-0: SINGLE (Flyball, 56D, EV 83.8 MPH) Chris Williams to third
|
|
Batting: RHB Chad Madsen
|
0-0: Called Strike 0-1: Called Strike 0-2: Ball 1-2: Ground out 5-3 (Groundball, 6S, EV 86.9 MPH) Er Le to second
|
|
Pinch Hitting: RHB Lamar Thornton
|
0-0: Called Strike 0-1: Called Strike 0-2: Ball 1-2: Ball 2-2: Ball 3-2: Base on Balls
|
|
Batting: SHB John Husson
|
0-0: SINGLE (Line Drive, 56, EV 98.1 MPH) Chris Williams scores Er Le to third Lamar Thornton to second Runner from 3rd tries for Home, SAFE, throw by LF to home
|
|
Batting: RHB Kenny Ball
|
0-0: Fly out, F8 (Flyball, 8RD, EV 106.9 MPH)
|
| Bottom of the 7th over - 2 runs, 3 hits, 0 errors, 2 left on base; Portland 3 - Palm Beach 5 |
| TOP OF THE 8TH |
|
Portland Angels batting - Pitching for Palm Beach Nationals : RHP Steve Schneider
|
|
Now at 2B: Kiyonaga Nakamura
|
|
|
Batting: LHB Bill Girton
|
0-0: Ball 1-0: Swinging Strike 1-1: Ball 2-1: Ball 3-1: Foul Ball, location: 2F 3-2: SOLO HOME RUN (Line Drive, 89XD, EV 107.5 MPH), Distance : 423 ft
|
|
Pitching: LHP Willie Rivera
|
|
|
Batting: RHB Brendan Garoutte
|
0-0: Called Strike 0-1: Reached on error, E4 (Groundball, 4, EV 95.0 MPH)
|
|
Batting: RHB Carlos Gonzales
|
0-0: Ball 1-0: Swinging Strike 1-1: Foul Ball, location: 2F 1-2: Foul Ball, location: 2F 1-2: Ball 2-2: Foul Ball, location: 2F 2-2: Strikes out looking
|
|
Pinch Hitting: RHB Daniel Molina
|
0-0: Called Strike 0-1: Foul Ball, location: 2F 0-2: Ball 1-2: Strikes out swinging
|
|
Batting: RHB Trevor Kingston
|
0-0: Reached on error, E4 (Groundball, 13, EV 81.9 MPH) Brendan Garoutte to second
|
|
Pinch Hitting: RHB Noah Pena
|
0-0: Foul Ball, location: 2F 0-1: Ball 1-1: Foul Ball, location: 2F 1-2: Ball 2-2: Foul Ball, location: 2F 2-2: Ball 3-2: Foul Ball, location: 2F 3-2: Foul Ball, location: 2F 3-2: SINGLE (Flyball, 5D, EV 87.5 MPH) Brendan Garoutte to third Trevor Kingston to second Brendan Garoutte scores Trevor Kingston to third
|
|
Pinch Hitting: RHB Sean Rocha
|
0-0: DOUBLE (Flyball, 8RXD, EV 113.1 MPH) Trevor Kingston scores Noah Pena to third
|
|
Batting: RHB Dan Thomey
|
0-0: Called Strike 0-1: Ball 1-1: Ball 2-1: Foul Ball, location: 2F 2-2: Strikes out looking
|
| Top of the 8th over - 3 runs, 3 hits, 2 errors, 2 left on base; Portland 6 - Palm Beach 5 |
| BOTTOM OF THE 8TH |
|
Palm Beach Nationals batting - Pitching for Portland Angels : RHP Javier Carrasco
|
|
Now at 1B: Arnaud Derosiers
|
|
|
Now at 3B: Danny Gelinas
|
|
|
Now in LF: Dan Myers
|
|
|
Now in CF: Carlos Gonzales
|
|
|
Pinch Hitting: RHB Taffounnout Kame
|
0-0: Called Strike 0-1: Ball 1-1: Ball 2-1: Ball 3-1: Swinging Strike 3-2: Foul Ball, location: 2F 3-2: Foul Ball, location: 2F 3-2: Strikes out swinging
|
|
Batting: RHB Akira Ishihara
|
0-0: Ball 1-0: Ball 2-0: Ball 3-0: Base on Balls
|
|
Batting: LHB Chris Williams
|
0-0: Foul Ball, location: 2F 0-1: Called Strike 0-2: Ball Wild Pitch! Akira Ishihara to second 1-2: Ball 2-2: Ball 3-2: Base on Balls
|
|
Batting: RHB Steve Kunselman
|
0-0: Swinging Strike 0-1: Swinging Strike 0-2: Strikes out swinging
|
|
Batting: RHB Er Le
|
0-0: Ball 1-0: Ball 2-0: Ball 3-0: Called Strike 3-1: Foul Ball, location: 2F 3-2: Base on Balls Akira Ishihara to third Chris Williams to second
|
|
Batting: RHB Chad Madsen
|
0-0: Ball 1-0: SINGLE (Groundball, 6M, EV 111.9 MPH) (infield hit) Akira Ishihara scores Chris Williams to third Er Le to second
|
|
Batting: RHB Kiyonaga Nakamura
|
0-0: Foul Ball, location: 2F 0-1: Ball 1-1: Fly out, F8 (Line Drive, 8RM, EV 91.2 MPH)
|
| Bottom of the 8th over - 1 run, 1 hit, 0 errors, 3 left on base; Portland 6 - Palm Beach 6 |
| TOP OF THE 9TH |
|
Portland Angels batting - Pitching for Palm Beach Nationals : LHP Willie Rivera
|
|
Now at 3B: Taffounnout Kame
|
|
|
Batting: RHB Aaron Bryant
|
0-0: Called Strike 0-1: Ball 1-1: Called Strike 1-2: Ball 2-2: Ball 3-2: Base on Balls
|
|
Batting: LHB Bill Girton
|
0-0: Ball 1-0: Ball 2-0: Ball 3-0: Called Strike 3-1: Foul Ball, location: 2F 3-2: Strikes out swinging
|
|
Batting: RHB Brendan Garoutte
|
0-0: Ball 1-0: Ball 2-0: Ball 3-0: Called Strike 3-1: Base on Balls Aaron Bryant to second
|
|
Batting: RHB Carlos Gonzales
|
0-0: Fly out, F7 (Flyball, 7D, EV 106.9 MPH) Runner from 2nd tags up, SAFE at 3rd, no throw by LF
|
|
Batting: RHB Dan Myers
|
0-0: Swinging Strike 0-1: Called Strike 0-2: Strikes out swinging
|
| Top of the 9th over - 0 runs, 0 hits, 0 errors, 2 left on base; Portland 6 - Palm Beach 6 |
| BOTTOM OF THE 9TH |
|
Palm Beach Nationals batting - Pitching for Portland Angels : RHP Javier Carrasco
|
|
Pinch Hitting: RHB Vasag Semerjian
|
0-0: Foul Ball, location: 2F 0-1: Swinging Strike 0-2: Ball 1-2: Ball 2-2: Ball 3-2: Ground out U3 (Groundball, 3, EV 81.2 MPH)
|
|
Pitching: RHP Austin Raymond
|
|
|
Pinch Hitting: LHB Mike Hamilton
|
0-0: Called Strike 0-1: DOUBLE (Line Drive, 3D, EV 96.9 MPH)
|
|
Batting: RHB Taffounnout Kame
|
0-0: Intentional Walk
|
|
Batting: RHB Scott Merritt
|
0-0: Swinging Strike 0-1: Foul Ball, location: 2F 0-2: Ball 1-2: Foul Ball, location: 2F 1-2: Foul Ball, location: 2F 1-2: Foul Ball, location: 2F 1-2: Foul Ball, location: 2F 1-2: Strikes out swinging
|
|
Batting: LHB Chris Williams
|
0-0: Foul Ball, location: 2F 0-1: Ground out 4-3 (Groundball, 4, EV 89.4 MPH)
|
| Bottom of the 9th over - 0 runs, 1 hit, 0 errors, 2 left on base; Portland 6 - Palm Beach 6 |
| TOP OF THE 10TH |
|
Portland Angels batting - Pitching for Palm Beach Nationals : LHP Willie Rivera
|
|
Now at C: Ken Yeadon
|
|
|
Now at 1B: Vasag Semerjian
|
|
|
Batting: RHB Trevor Kingston
|
0-0: Swinging Strike 0-1: Foul Ball, location: 2F 0-2: Ball 1-2: Ball 2-2: Strikes out swinging
|
|
Batting: SHB Danny Gelinas
|
0-0: Ball 1-0: Ball 2-0: Ball 3-0: Called Strike 3-1: Called Strike 3-2: Foul Ball, location: 2F 3-2: Base on Balls
|
|
Pitching: RHP Jimmy Purscell
|
|
|
Batting: RHB Arnaud Derosiers
|
0-0: Ball 1-0: Ball Wild Pitch! Danny Gelinas to second 2-0: Fly out, F9 (Flyball, 9LSF, EV 88.8 MPH)
|
|
Batting: RHB Dan Thomey
|
0-0: Ball 1-0: Foul Ball, location: 2F 1-1: Fly out, F2 (Popup, 2R, EV 93.8 MPH)
|
| Top of the 10th over - 0 runs, 0 hits, 0 errors, 1 left on base; Portland 6 - Palm Beach 6 |
| BOTTOM OF THE 10TH |
|
Palm Beach Nationals batting - Pitching for Portland Angels : RHP Austin Raymond
|
|
Batting: RHB Steve Kunselman
|
0-0: SINGLE (Line Drive, 9LS, EV 98.8 MPH)
|
|
Batting: RHB Er Le
|
0-0: Ball 1-0: Foul Ball, location: 2F 1-1: Ball 2-1: Fly out, F8 (Line Drive, 8RD, EV 95.6 MPH)
|
|
Batting: RHB Chad Madsen
|
0-0: Ball 1-0: Called Strike Steve Kunselman steals 2nd base 1-1: Ball 2-1: Ball Passed Ball! Steve Kunselman to third 3-1: Fly out, F8 (Flyball, 8RD, EV 92.5 MPH) Runner from 3rd tags up, SCORES, throw by CF
|
| Bottom of the 10th over - 1 run, 1 hit, 0 errors, 0 left on base; Portland 6 - Palm Beach 7 |
|